[Event "CCT Final-RR 2024"]
[Site "Oslo"]
[Date "2024.12.17"]
[Round "3"]
[White "So, Wesley"]
[Black "Carlsen, Magnus"]
[Result "0-1"]
[ECO "E32"]
[WhiteElo "2747"]
[BlackElo "2831"]
[Annotator "TA"]
[PlyCount "92"]
[EventDate "2024.12.11"]
[EventType "tourn"]
[EventCountry "NOR"]
[SourceTitle "playchess.com"]
[Source "ChessBase"]
[SourceQuality "1"]
[TimeControl "600+2"]

1. d4 Nf6 2. c4 e6 3. Nc3 Bb4 4. Qc2 d6 5. Nf3 Nbd7 6. e3 b6 7. Be2 Bb7 8. O-O Bxc3 9. Qxc3 Ne4 10. Qc2 f5 11. d5 exd5 12. Nd4 dxc4 13. Ne6 Qc8 14. f3 Ke7 15. Nxg7 Qf8 16. Nh5 Nec5 17. Qxc4 Ne5 18. Qh4+ Kd7 19. b4 Ne6 20. Bb2 Qe7 21. Qxe7+ Kxe7 22. f4 Rhg8 23. Ng3 (23. fxe5 $2 Rxg2+ 24. Kh1 Rxe2+ 25. e4 Bxe4+ $19 (25... Rxb2 $2 26. exd6+ cxd6 27. Ng3 $19)) 23... Rxg3 24. hxg3 Ng4 25. Bxg4 fxg4 26. f5 Ng5 27. b5 a6 28. a4 Ne4 29. a5 Nxg3 30. Rfe1 ({White should play} 30. f6+ $18 Kf7 31. Rfd1 bxa5 (31... axb5 $2 32. axb6 cxb6 33. Rxa8 $18) 32. b6 (32. Rxa5 axb5 33. Rxa8 Bxa8 $18)) 30... bxa5 $1 $14 31. f6+ Ke6 32. Rxa5 axb5 33. Rxb5 (33. Rxa8 $6 Bxa8 34. Ra1 Bd5 $11) 33... Be4 {[%emt 0:00:07] [#]} 34. Ra1 (34. Kh2 $1 $18 Nf5 35. Rb4) 34... Rc8 (34... Rxa1+ $14 35. Bxa1 Bg6) 35. Rg5 (35. Kh2 $16 Nf5 36. Rb4) 35... h5 (35... Rb8 {simplifies} 36. Rxg4 Rxb2 37. Rxg3 Kxf6 38. Rg4 Bg6) 36. Rg7 Nf5 37. Rh7 Rb8 38. Bc3 $1 c5 $1 39. Kh2 (39. Rxh5 $2 Ng3 40. Rh6 Ne2+ 41. Kh2 g3+ (41... Nxc3 42. f7+ Kxf7 43. Ra7+ Kg8 44. Kg3 $17) 42. Kh3 Nxc3 43. Kxg3 Rg8+ 44. Kf4 Bg6 $19 (44... Bxg2 45. f7+ Kxf7 46. Ra7+ Ke8 47. Re6+ Kd8 48. Rxd6+ Kc8 49. Ra5 $15)) 39... h4 {[%emt 0:00:07] [#]} 40. Raa7 (40. Ra4 $1 $16 c4 41. f7 (41. Rxc4 g3+ 42. Kh3 Bxg2+ 43. Kxg2 Nxe3+ 44. Kh3 g2 $11)) 40... h3 $1 $11 41. Rhe7+ (41. gxh3 $2 g3+ (41... Nxe3 $2 42. Rae7+ Kf5 43. f7 $18) 42. Kg1 Rb1+) (41. Ra4 Bxg2 42. Rxg4 Rb1 (42... Nxe3 43. Re7+ Kf5 44. Rxg2 $18) 43. Rxh3 Bxh3 44. Re4+ Kf7 (44... Kd5 45. f7 $11) 45. Kxh3 Rc1) 41... Kd5 (41... Nxe7 42. Rxe7+ Kd5 (42... Kf5 $2 43. f7 $18) 43. gxh3 $16) 42. f7 $2 (42. Reb7 $1 $11 Rf8 (42... Rxb7 $2 43. Rxb7 Kc4 44. f7 $18) 43. gxh3 g3+ (43... Kc4 44. Ra4+ Kd3 45. Rb3 $16) 44. Kg1) 42... Nxe7 $19 (42... Nxe3 $2 43. Re8 (43. gxh3 Nf1+ 44. Kg1 gxh3 $18) 43... Rb1 44. Ra1 $18 (44. f8=B Nf1+ 45. Kg1 g3) (44. gxh3 Rh1+ 45. Kg3 Rxh3+ 46. Kf2 Nc4 $18)) 43. Rxe7 $2 (43. Rb7 Rf8 (43... Rxb7 44. f8=Q $15) (43... g3+ 44. Kxh3 Rxb7 45. f8=Q $11) 44. Rxe7) 43... hxg2 $19 44. Rxe4 Kxe4 ({And not} 44... g1=Q+ 45. Kxg1 Kxe4 46. Bg7 $11) 45. Bg7 Kf3 46. Kg1 Rb1+ 0-1

[Event "CCT Final-RR 2024"]
[Site "Oslo"]
[Date "2024.12.17"]
[Round "3"]
[White "Keymer, Vincent"]
[Black "Aronian, Levon"]
[Result "1/2-1/2"]
[ECO "E15"]
[WhiteElo "2733"]
[BlackElo "2747"]
[Annotator "TA"]
[PlyCount "152"]
[EventDate "2024.12.11"]
[EventType "tourn"]
[EventCountry "NOR"]
[SourceTitle "playchess.com"]
[Source "ChessBase"]
[SourceQuality "1"]
[TimeControl "600+2"]

1. c4 Nf6 2. Nf3 b6 3. d4 e6 4. g3 Ba6 5. b3 d5 6. Bg2 Bb4+ 7. Bd2 Bd6 8. O-O O-O 9. Nc3 Nbd7 {[%emt 0:00:02] [#]} 10. e4 $1 Nxe4 11. Nxe4 dxe4 12. Ng5 Bb7 13. Nxe4 f5 14. Ng5 Bxg2 15. Kxg2 (15. Nxe6 Qe8 16. Nxf8 (16. Kxg2 $2 Qxe6 17. Re1 Qf7 $19) 16... Bxf1 17. Nxd7 Be2) 15... Qf6 16. Nf3 f4 17. Qe2 e5 18. dxe5 Nxe5 19. Bc3 Rae8 20. Bxe5 Bxe5 21. Rae1 fxg3 22. fxg3 (22. Nxe5 $2 Rxe5 23. Qxe5 Qf3+ (23... gxf2 $2 24. Re3 $18) 24. Kg1 gxf2+ $19) 22... Qc6 $1 (22... Bxg3 $2 23. Qxe8 Bxe1 (23... Rxe8 $2 24. Rxe8+ Kf7 25. Re4 $18) 24. Qxe1 $18) 23. Qe4 Qxe4 24. Rxe4 Bf6 25. Rfe1 Rd8 26. g4 h6 27. h4 a5 28. R1e2 Rd6 29. g5 hxg5 30. hxg5 Bc3 31. Re7 Rf7 32. Kg3 g6 33. R2e6 Rxe6 34. Rxe6 $11 {[%emt 0:00:01][%mdl 4096] Endgame KRB-KRN} Kh7 35. Nh4 Rg7 (35... Bd2 $6 36. Rxg6 (36. Nxg6 Bxg5 37. Kg4 Bd8 $14) 36... Rf1 37. Rh6+ Kg7 38. Rc6 Rg1+ 39. Kf2 Rxg5 40. Rxc7+ (40. Nf3 Rf5 $16) 40... Kf8 41. Nf3 $16) 36. Kg4 Bd4 {[%emt 0:00:19] [#]} (36... Bb4 $11) 37. Nf3 (37. Ng2 $1 $16) 37... Rd7 (37... Bc5 $14) 38. Nd2 {[%emt 0:00:03] White is more active.} (38. Nxd4 $16 Rxd4+ 39. Kf3) 38... Kg7 39. Ne4 Kf7 40. Rc6 Be5 41. c5 b5 (41... Rd4 $5 42. Kf3 $8 Rd3+ 43. Ke2 Rd4 $11) 42. Ra6 a4 43. bxa4 Rd4 44. Kf3 Rxa4 45. Rxa4 bxa4 {[%emt 0:00:01] KB-KN} 46. Nd2 Bd4 47. c6 Ke6 48. Ke4 Bc5 49. Nf3 Be7 50. Ne5 Bxg5 51. Nxg6 Kd6 52. Ne5 {[%emt 0:00:02] And now Nf7+ would win.} Bf6 53. Nc4+ (53. Ng4 $1 $11 Bh8 54. Kd3) 53... Kxc6 $17 54. Kd3 Kc5 55. Nd2 Kb4 {[%emt 0:00:07] Strongly threatening ...Ka3.} 56. Kc2 c5 (56... Ka3 $17 57. Kb1 Bg7) 57. Ne4 (57. Kd3 $11) 57... Be5 58. Nf2 c4 {[%emt 0:00:01] Wards off Nd3+} 59. Ne4 Bd4 60. Nd2 Bc5 (60... Bf6 $17) 61. Ne4 (61. a3+ $1 $11 {remains equal.} Kb5 (61... Kxa3 62. Nxc4+ Kb4 63. Nb2 $11) 62. Kc3) 61... Be3 62. Nf6 Bd4 63. Ne4 Ka3 (63... a3 $17) 64. Kb1 (64. Nd2 $11) 64... c3 ({Black should try} 64... Be5 $17) 65. Ng3 $11 Bf6 66. Ne2 Be5 67. Nc1 Bf4 {[%emt 0:00:01] ( -> ...Bxc1)} 68. Nd3 Be3 $2 (68... Bg5 $11) 69. Ne5 $2 (69. Ne1 Kb4 70. Nc2+ Kc4 71. Nxe3+ Kd3 72. Nc2 Kd2 73. Nb4 Kd1 74. a3) 69... Bd4 70. Nd3 $1 Be3 $2 (70... c2+ $11 71. Kxc2 Kxa2) 71. Ne5 $2 (71. Ne1 {mates} Kb4 72. Nc2+ Kc4 73. Nxe3+ Kd3 74. Nc2 Kd2 75. Nb4 Kd1 76. a3) 71... Bf4 72. Nd3 Bg3 73. Nc1 Bh4 74. Nd3 c2+ 75. Kxc2 Kxa2 76. Nc5 Be7 1/2-1/2

[Event "CCT Final-RR 2024"]
[Site "Oslo"]
[Date "2024.12.17"]
[Round "3"]
[White "Vachier-Lagrave, Maxime"]
[Black "Nepomniachtchi, Ian"]
[Result "1/2-1/2"]
[ECO "C42"]
[WhiteElo "2731"]
[BlackElo "2755"]
[Annotator "TA"]
[PlyCount "92"]
[EventDate "2024.12.11"]
[EventType "tourn"]
[EventCountry "NOR"]
[SourceTitle "playchess.com"]
[Source "ChessBase"]
[SourceQuality "1"]
[TimeControl "600+2"]

1. e4 e5 2. Nf3 Nf6 3. Nxe5 d6 4. Nf3 Nxe4 5. Qe2 Qe7 $1 6. g3 Nf6 7. Qxe7+ Bxe7 8. Bg2 d5 9. O-O O-O 10. d3 Bd6 11. Re1 c6 12. a4 a5 13. b3 Na6 14. Bb2 Nd7 15. Re2 Ndc5 16. Nc3 Bg4 17. Nd1 Rfe8 18. Ne3 Bd7 19. d4 Ne4 20. c4 Nb4 21. Rd1 f6 22. Ne1 Be6 23. Nd3 Nxd3 24. Rxd3 Bf7 (24... f5 $11) 25. Rd1 (25. cxd5 $14 {feels stronger.} cxd5 26. f3) 25... Bb4 26. cxd5 cxd5 27. Rc1 Nd2 28. Rc7 Bh5 (28... Rad8 $11) 29. Bxd5+ $16 Kh8 {[%emt 0:00:01] [#]} 30. Rxd2 Bxd2 $11 31. Bxb7 Ra7 {[%emt 0:00:28][%cal Oe8b8] White must now prevent ...Rb8!.} (31... Rab8 $5 32. Nf1 Re1 $15) 32. d5 $1 Rb8 $1 33. Rc8+ ({Don't blunder} 33. Nc4 $2 Raxb7 (33... Rbxb7 34. Rc8+) 34. Rxb7 Rxb7 $19) 33... Rxc8 34. Bxc8 Bb4 35. Kg2 Rc7 36. Be6 Bf7 37. Bxf7 Rxf7 {[%emt 0:00:01][%mdl 4096] Endgame KRB-KBN} 38. Kf3 Kg8 39. Bd4 Rb7 {[%emt 0:00:04] Against Bb6} 40. Nc4 Rd7 41. Ke4 Re7+ $1 42. Kd3 {[%emt 0:00:01] Threatens to win with Bc3.} Re1 43. Bb6 ({Better is} 43. Be3 $14) 43... Rd1+ 44. Ke4 Re1+ $1 45. Kd3 (45. Kd4 $5 Rd1+ $8 46. Ke4 Re1+ 47. Kf3 $11) 45... Rd1+ 46. Ke4 Re1+ $1 1/2-1/2

[Event "CCT Final-RR 2024"]
[Site "Oslo"]
[Date "2024.12.17"]
[Round "3"]
[White "Lazavik, Denis"]
[Black "Firouzja, Alireza"]
[Result "1-0"]
[ECO "A13"]
[WhiteElo "2578"]
[BlackElo "2763"]
[Annotator "TA"]
[PlyCount "109"]
[EventDate "2024.12.11"]
[EventType "tourn"]
[EventCountry "NOR"]
[SourceTitle "playchess.com"]
[Source "ChessBase"]
[SourceQuality "1"]
[TimeControl "600+2"]

1. c4 e6 2. Nf3 d5 3. cxd5 exd5 4. g3 Nf6 5. Bg2 Bd6 6. O-O O-O 7. Nc3 Re8 8. d3 h6 9. a3 a5 10. Qc2 Na6 11. e4 c6 12. Re1 Bg4 13. h3 Bxf3 14. Bxf3 Be5 15. Bg2 Bd4 16. Re2 Nc5 17. Bd2 Qb6 18. Rf1 Qb3 19. Qb1 dxe4 20. dxe4 Rad8 21. Be3 Bxc3 22. Bxc5 Qb5 23. Rc2 Qxc5 24. Rxc3 Qd4 25. Re1 Nd7 26. Rd3 Qb6 27. Qc2 Ne5 28. Rb3 Qa7 29. Kh2 a4 30. Rbe3 Qd4 31. f4 Nd3 32. R1e2 Qc5 33. e5 {[%emt 0:00:10] aiming for Be4.} (33. Rxd3 $2 {too greedy.} Qxc2 34. Rxd8 Qxe2 $19) 33... Qb6 $2 34. h4 $2 (34. Rxd3 $18 Rxd3 35. Qxd3) 34... Qb3 $2 {[%emt 0:00:02][%mdl 8192] [#]} (34... Qb5 $16) 35. Be4 $1 $18 Qxc2 36. Rxc2 Nxe5 37. fxe5 Rd4 38. Bf3 g5 39. hxg5 hxg5 40. Rce2 g4 41. Be4 Kg7 42. Bc2 Rh8+ 43. Kg2 Rhd8 44. Re4 Rxe4 45. Bxe4 {[%emt 0:00:01][%mdl 4096] Endgame KRB-KR} Kh6 46. Kf2 Re8 47. Bc2 b5 48. Re4 Kg5 49. Bd1 Rd8 50. Bxg4 Rd2+ 51. Re2 Rd4 52. Bf3 c5 53. Rc2 c4 54. Bc6 c3 55. bxc3 1-0

[Event "CCT Final-RR 2024"]
[Site "Oslo"]
[Date "2024.12.18"]
[Round "4"]
[White "Carlsen, Magnus"]
[Black "Vachier-Lagrave, Maxime"]
[Result "1-0"]
[ECO "A12"]
[WhiteElo "2831"]
[BlackElo "2731"]
[Annotator "TA"]
[PlyCount "101"]
[EventDate "2024.12.11"]
[EventType "tourn"]
[EventCountry "NOR"]
[SourceTitle "playchess.com"]
[Source "ChessBase"]
[SourceQuality "1"]
[TimeControl "600+2"]

1. Nf3 d5 2. e3 Nf6 3. b3 g6 4. Bb2 Bg7 5. c4 c6 6. Be2 O-O 7. O-O Bg4 8. h3 Bxf3 9. Bxf3 Re8 10. d4 e6 11. Nc3 a5 12. Qc2 Na6 13. Rfd1 Qe7 14. a3 Rab8 15. Rac1 b5 16. Ne2 Nd7 17. cxd5 cxd5 18. Nf4 b4 19. a4 Nb6 20. Qe2 Qa7 21. Nd3 {[%emt 0:00:46] Hoping for Ne5.} Nd7 22. Rc6 (22. e4 {is more complex.} Bxd4 23. Bxd4 Qxd4 24. Nc5) 22... Rec8 23. Rdc1 Rxc6 24. Rxc6 Qb7 25. Qc2 Rd8 {[%emt 0:00:07] aiming for ...Ndb8.} 26. Qc1 Ndb8 27. Rc2 {[%emt 0:00:03] White is more active.} Nd7 ({Black should try} 27... Rd7) 28. Be2 Bf8 {[%emt 0:00:13] [#]} (28... Ndb8 $16 {might work better.} 29. Ne5 Bf8) 29. Ne5 $1 $18 Ndb8 {[%emt 0:00:01] Black is weak on the light squares} 30. h4 Bd6 (30... f6 $16) 31. h5 Nc7 32. e4 Bxe5 $2 (32... Ne8 33. exd5 exd5) 33. dxe5 Ne8 34. Qg5 Rc8 35. Rxc8 Qxc8 36. exd5 exd5 37. Bb5 Nc6 {[%emt 0:00:20] Against Qe7} (37... d4 $142 38. Bxd4 Nc7) 38. h6 (38. hxg6 $142 hxg6 39. Qc1) 38... Qe6 $2 (38... Kf8 39. Qe3 Nd8) 39. Qc1 Na7 40. Qc5 Nc8 41. g3 g5 42. Qe3 f6 43. Qd4 $2 (43. Bxe8 Qxe8 44. Qc1 (44. exf6 Qxe3 45. fxe3 Kf7 $16)) 43... Nc7 $2 (43... fxe5 44. Qe3 (44. Qxe5 Qxe5 45. Bxe5 Ncd6 $18) 44... Ncd6 45. Bxe5 (45. Qxg5+ Kf8 $18) 45... Qe7) 44. exf6 {[%emt 0:00:01][%cal Of6f7] f7+! would kill now.} Nxb5 45. f7+ Kxf7 46. Qg7+ ({Weaker is} 46. axb5 Qxh6 47. Qc5 (47. Qxd5+ Qe6 $18) 47... Qe6 $18) 46... Ke8 47. Qh8+ Kd7 48. Qxh7+ Ne7 49. axb5 Qe2 50. Bf6 a4 51. Qxe7+ 1-0

[Event "CCT Final-RR 2024"]
[Site "Oslo"]
[Date "2024.12.18"]
[Round "4"]
[White "Firouzja, Alireza"]
[Black "Nepomniachtchi, Ian"]
[Result "1/2-1/2"]
[ECO "E05"]
[WhiteElo "2763"]
[BlackElo "2755"]
[Annotator "TA"]
[PlyCount "103"]
[EventDate "2024.12.11"]
[EventType "tourn"]
[EventCountry "NOR"]
[SourceTitle "playchess.com"]
[Source "ChessBase"]
[SourceQuality "1"]
[TimeControl "600+2"]

1. Nf3 d5 2. c4 e6 3. g3 Nf6 4. Bg2 Be7 5. O-O O-O 6. d4 dxc4 7. Na3 Bxa3 8. bxa3 Bd7 9. Ne5 Bc6 10. Nxc6 Nxc6 11. Bb2 Nd5 12. Rc1 Nb6 (12... b5 $15) 13. e3 $11 Qe7 14. Rb1 Rfd8 15. Qc1 Rab8 16. Ba1 e5 17. d5 Nxd5 18. Qxc4 Nb6 19. Qc2 Rd6 20. a4 Rbd8 21. Bc3 a5 22. Be4 h6 23. Rfc1 Qe6 24. Be1 g6 25. Qb3 Qxb3 26. axb3 Nd5 27. g4 R8d7 28. Rc4 Ncb4 (28... Nde7 $1 $15) 29. Bxd5 $11 Rxd5 30. Bxb4 axb4 31. Rxb4 b6 32. Rb2 Rc5 33. Re4 f6 34. b4 Rc1+ 35. Kg2 Ra1 36. b5 Rc1 37. a5 bxa5 38. Ra4 Kf7 39. Rxa5 h5 40. b6 cxb6 (40... hxg4 $2 {too greedy.} 41. b7 Rdd1 42. Kg3 Rg1+ 43. Kh4 $18) 41. Rxb6 Rc4 ({Of course not} 41... hxg4 $6 42. Raa6 $16) 42. gxh5 Rg4+ 43. Kf3 gxh5 44. Raa6 Rg6 45. Ke4 Rg4+ 46. Kf3 Rg6 47. Ke4 Kg7 48. Kf5 Rf7 49. f4 exf4 50. exf4 h4 51. h3 Rg3 52. Rxf6 1/2-1/2

[Event "CCT Final-RR 2024"]
[Site "Oslo"]
[Date "2024.12.18"]
[Round "4"]
[White "Nepomniachtchi, Ian"]
[Black "Firouzja, Alireza"]
[Result "0-1"]
[ECO "B12"]
[WhiteElo "2755"]
[BlackElo "2763"]
[Annotator "RC"]
[PlyCount "70"]
[EventDate "2024.12.11"]
[EventType "tourn"]
[EventCountry "NOR"]
[SourceTitle "playchess.com"]
[Source "ChessBase"]
[SourceQuality "1"]
[TimeControl "600+2"]

1. e4 c6 2. d4 d5 3. e5 Bf5 4. Nf3 e6 5. Be2 Nd7 6. O-O a5 7. c3 a4 8. Ne1 f6 9. Bd3 Ne7 10. exf6 Nxf6 11. Bg5 Ne4 12. Bxe4 Bxe4 13. Nd2 Bf5 14. Qh5+ Bg6 15. Qe2 Qc8 16. Nd3 Nf5 17. Rae1 Bd6 18. g4 Nh6 19. Ne5 Nf7 20. Nxg6 hxg6 21. Nf3 e5 22. Nxe5 Nxg5 23. Nc4+ Kf8 24. Nxd6 Qd7 25. f4 Nh3+ 26. Kg2 Qxd6 27. Qd3 Kg8 28. Re5 Rf8 29. Qe3 Qf6 30. g5 Nxf4+ 31. Kh1 Qf7 32. Rf3 Rh4 33. Qf2 Rh3 34. Ree3 Rxf3 35. Rxf3 Qf5 0-1

[Event "CCT Final-RR 2024"]
[Site "Oslo"]
[Date "2024.12.18"]
[Round "4"]
[White "Aronian, Levon"]
[Black "Lazavik, Denis"]
[Result "1-0"]
[ECO "C28"]
[WhiteElo "2747"]
[BlackElo "2578"]
[Annotator "TA"]
[PlyCount "103"]
[EventDate "2024.12.11"]
[EventType "tourn"]
[EventCountry "NOR"]
[SourceTitle "playchess.com"]
[Source "ChessBase"]
[SourceQuality "1"]
[TimeControl "600+2"]

1. e4 e5 2. Bc4 Nf6 3. d3 Nc6 4. Nc3 Bb4 5. Nf3 d5 6. exd5 Nxd5 7. O-O Bxc3 8. bxc3 O-O 9. Bd2 Bg4 10. Rb1 Nb6 11. Bb3 Qd6 12. Qe2 Kh8 13. h3 Bh5 14. g4 Bg6 15. Nh4 Rae8 16. Rbe1 f5 17. Kh1 f4 18. Nxg6+ Qxg6 19. Qe4 Qh6 20. Kh2 Nc8 21. f3 Nd6 22. Qe2 Nd8 23. Qg2 N8f7 24. Re2 Qf6 25. Be1 Ng5 26. h4 Ne6 27. Bf2 e4 28. dxe4 (28. Bxa7 $2 Qxh4+ 29. Kg1 exf3 $19 (29... e3 $2 30. Qh1 $19)) 28... Qxc3 29. Rd1 (29. Bxa7 $2 b6 30. Rd2 Nb5 31. Bxb6 cxb6 $19) 29... Nf7 30. Rd3 (30. Bxa7 $2 Ne5 31. Rf2 b6 $19) 30... Qf6 31. Rd5 (31. Bxa7 Qxh4+ 32. Qh3 Qxh3+ 33. Kxh3 b6 $19) (31. g5 $16 Qe7 32. Rd5 (32. Bxa7 $2 b6 $17)) 31... c6 (31... Qb2 $14 {deserves consideration.}) 32. Rf5 Qe7 33. g5 (33. Bxa7 $6 Qxh4+ 34. Qh3 Qe7 $11) 33... Nd6 $2 {[%emt 0:00:03][%mdl 8192] [#]} (33... b6 $16 34. Qg4 c5) 34. Qg4 (34. Re5 $142 $1) 34... Nc7 35. Rxf4 Rxf4 36. Qxf4 Rf8 37. Qg4 Nf7 $2 (37... c5 {is a better defense.} 38. e5 (38. Bxc5 $2 Qe5+ 39. f4 Qxc5 $19) 38... Nf5) 38. f4 $18 (38. Bxa7 $2 Ne5 39. Qh3 Rxf3 40. Qc8+ Rf8 $19) 38... Nb5 39. e5 Nc3 40. Re3 Nd5 41. Rf3 Nd8 42. Bg3 ({Don't do} 42. Bxa7 Qb4 43. c4 Ne7) 42... Nf7 $2 (42... g6 43. c4 Nb6) 43. e6 $18 Nd6 44. f5 Rxf5 45. Bxd5 (45. Rxf5 Ne3 46. Qa4 Nexf5 $16) 45... Rxd5 46. c4 Rd2+ 47. Kh3 Kg8 (47... b6 $142 48. h5 a6) 48. c5 $18 Ne8 49. Qf5 (49. Rf7 $142 Qxc5 50. Qf3 (50. Rxb7 $2 {is the wrong capture.} Qd5 $19)) 49... Rxa2 (49... b6 $18 50. Qf7+ Qxf7 51. exf7+ Kf8 52. fxe8=Q+ (52. fxe8=R+ Kxe8 53. Ra3 Rd7 $18) 52... Kxe8) 50. Bd6 Nxd6 51. cxd6 Qe8 52. d7 1-0

[Event "CCT Final-RR 2024"]
[Site "Oslo"]
[Date "2024.12.18"]
[Round "4"]
[White "So, Wesley"]
[Black "Keymer, Vincent"]
[Result "1/2-1/2"]
[ECO "A13"]
[WhiteElo "2747"]
[BlackElo "2733"]
[Annotator "TA"]
[PlyCount "87"]
[EventDate "2024.12.11"]
[EventType "tourn"]
[EventCountry "NOR"]
[SourceTitle "playchess.com"]
[Source "ChessBase"]
[SourceQuality "1"]
[TimeControl "600+2"]

1. c4 e6 2. g3 d5 3. Bg2 d4 4. Nf3 Nf6 5. d3 Nc6 6. O-O Bc5 7. Nbd2 O-O 8. Nb3 Be7 9. e3 dxe3 10. Bxe3 Ng4 11. Bc5 Bxc5 12. Nxc5 b6 13. Nb3 Bb7 14. d4 Rb8 15. Qe2 Nf6 16. Rad1 Ne7 17. Rfe1 Ng6 18. h4 Qc8 19. Bh3 Qe8 20. Ng5 h6 21. h5 Ne7 22. Nf3 Nc6 23. Nh4 a5 24. Rd2 a4 25. Na1 Na5 26. b4 axb3 27. axb3 b5 28. d5 exd5 29. Qd1 Qd8 30. cxb5 Bc8 31. Bxc8 Qxc8 32. Qf3 (32. Nc2 $15) 32... Re8 $17 33. Rxe8+ Qxe8 34. Re2 (34. Nc2 $17) 34... Qxb5 $19 35. Nf5 Nxb3 36. Nc2 (36. Nxb3 $17 {was necessary.} Qxb3 37. Re3 (37. Nxh6+ $2 gxh6 38. Re3 Qb6 $19)) 36... d4 37. Re7 $2 (37. Ncxd4 Nxd4 38. Nxd4) 37... Nd2 $19 38. Nxh6+ Kh7 (38... gxh6 39. Qxf6 Qd5 (39... Qxh5 40. Ne1 $11) (39... Qf1+ 40. Kh2 $16) 40. Ne1 $11) 39. Qd1 (39. Qf5+ $142 Kxh6 40. Qf4+ Qg5 (40... Kxh5 41. Re5+ $18) 41. Qxg5+ Kxg5 42. Nxd4) 39... Qd3 ({Not} 39... Qxh5 40. Qxd2 Rb1+ (40... Qxh6 41. Qxh6+ Kxh6 42. Nxd4 $11) (40... gxh6 41. Nxd4 Rb1+ 42. Re1 $17) 41. Re1 Rxe1+ (41... Qxh6 $2 {loses.} 42. Qxh6+ gxh6 43. Rxb1 $18) 42. Nxe1 $17) 40. Nxf7 Rb1 (40... Nf3+ 41. Qxf3 Qxc2 42. Ng5+ Kh8 43. Kg2 $14) 41. Ng5+ Kh6 42. Nf7+ Kh7 43. Ng5+ $1 Kh6 $2 ({Black should try} 43... Kg8 $19 44. Qxb1 Nxb1) 44. Nf7+ 1/2-1/2

[Event "CCT Final-RR 2024"]
[Site "Oslo"]
[Date "2024.12.18"]
[Round "4"]
[White "Keymer, Vincent"]
[Black "So, Wesley"]
[Result "1-0"]
[ECO "A20"]
[WhiteElo "2733"]
[BlackElo "2747"]
[Annotator "TA"]
[PlyCount "117"]
[EventDate "2024.12.11"]
[EventType "tourn"]
[EventCountry "NOR"]
[SourceTitle "playchess.com"]
[Source "ChessBase"]
[SourceQuality "1"]
[TimeControl "600+2"]

1. c4 e5 2. d3 Nf6 3. Nf3 Nc6 4. a3 a5 5. Nc3 d5 6. cxd5 Nxd5 7. e4 Nxc3 8. bxc3 Bc5 9. Be2 O-O 10. O-O Bg4 11. h3 Bh5 12. g4 Bg6 13. a4 b6 14. Qb3 Kh8 15. Bb2 f6 16. Rad1 Bd6 17. Qc2 Qe8 18. Nh4 Nd8 19. Bc1 Ne6 20. Nf5 (20. d4 $11) 20... Rd8 (20... Nc5 $17 21. Nxd6 cxd6) 21. Be3 (21. d4 $142) 21... Nc5 22. Ra1 Ne6 23. d4 {[%emt 0:01:34] Repels Bc5} exd4 24. cxd4 Nf4 25. Bb5 (25. Nxd6 Nxe2+ 26. Qxe2 cxd6 $15) 25... Qe6 26. Nxd6 Qxd6 27. f3 Nd5 28. Bf2 $1 Nf4 29. Kh1 Nxh3 30. Be3 Ng5 31. Rac1 Rc8 32. Qh2 {[%emt 0:00:09] [#]} (32. Bc6 $11 {keeps the balance.}) 32... Qe7 (32... Qa3 $6 33. Qe2 $11) (32... Nxf3 $1 $17 33. Rxf3 (33. Qxd6 $2 cxd6 34. e5 dxe5 $19) 33... Bxe4) 33. Kg1 Be8 ({Black should play} 33... c5 $11) 34. Ba6 $14 Ra8 35. Rxc7 (35. Qxc7 $2 Qxc7 36. Rxc7 Rxa6 $19) 35... Qa3 36. Bxg5 fxg5 {[%emt 0:00:01] [#]} 37. Qe5 $1 {[%emt 0:00:01][%csl Gc7,LRg5,LRg7][%cal Re5g7] Some like it hot. White is more active.} Bf7 $1 38. Bc4 $40 {[%emt 0:00:03][%mdl 128] White is up to no good.} Qe3+ $2 (38... Rae8 $11 {and Black has nothing to worry.} 39. Qxg5 Bg6) 39. Kg2 $18 {[%emt 0:00:02] Black is weak on the light squares} Rae8 $2 (39... Rfe8 $18 40. Qb5 Bxc4 41. Qxc4 (41. Rxc4 h5 $11) 41... Rab8) 40. Rxf7 Rg8 41. Qd6 (41. Rxg7 $142 Qe2+ 42. Kg3 (42. Bxe2 Rxe5 43. Rxg8+ Kxg8 $18) 42... Qg2+ 43. Kxg2 Rxg7 44. Qxe8+ Rg8 45. Qxg8#) 41... Rc8 42. Qd5 (42. Rh1 $142 Qd2+ 43. Kg3 Rxc4 44. Qg6 (44. Qxb6 Rc2) 44... Qf4+ 45. Rxf4 gxf4+ 46. Kxf4 Rf8+ 47. Ke5) 42... Rgd8 43. Rd7 Rg8 44. Rf2 h6 45. Qe6 Qc3 46. Bd5 Qa1 47. Qf7 ({Stronger than} 47. Qxb6 Rc1 48. Qb5 (48. Qxa5 {is a self mate.} Rg1+ 49. Kh2 Rh1+ 50. Kg3 Qg1+ 51. Rg2 Rh3+ 52. Kxh3 Qh1+ 53. Rh2 Qxf3#) 48... Rg1+ 49. Kh3 Rh1+ 50. Rh2 Qe1 51. Rxh1 Qxh1+ 52. Kg3 Qg1+ 53. Kh3 Qh1+ 54. Kg3 Qg1+ 55. Kh3 Qh1+ $11) (47. e5 $142 Qxd4 48. Be4 Qxe4 49. fxe4 Rcd8 50. Rxd8 Rxd8 51. Qg6 (51. Qxb6 Rd1 52. e6 Kh7 53. e7 Rd7 54. e8=Q Rf7 55. Qxf7 Kh8 56. Qe8+ Kh7 57. Qbg6#) 51... Kg8 52. e6 (52. Qxb6 Ra8 $18)) 47... Rcf8 48. Qg6 Rf6 49. Qh5 Rgf8 50. Qh3 $2 (50. e5 Rf4 51. e6 Qxa4 52. Ra2 (52. Be4 Rxe4 53. Qg6 Qxd7 $18)) 50... Qxd4 $2 (50... Qxa4 51. Rc7 Qxd4) 51. Qg3 Qxa4 52. Ra7 $2 (52. Qc7 {mates} Rg6 53. e5 Kh7 54. Be4 Qxe4 55. fxe4 Rh8 56. Rf6 Rg8 57. Rxg6 (57. Rxb6 Rxb6 58. Qxb6 a4 $18)) 52... Qd4 53. Rd7 $2 (53. Rb7 $18) 53... a4 $2 (53... Qa4 $11 54. Qc7 Rg6) 54. e5 Rf4 55. e6 Re8 56. Re2 {[%emt 0:00:04] aiming for e7. Prevents Qe3} a3 57. e7 {[%emt 0:00:01] White wants to mate with Rd8.} Rf6 58. Rd8 Qa4 59. Qb8 1-0